 Dungeon Crawl Stone Soup version 0.18-a0-775-g4d9e04e (webtiles) character file.

149 4thArraOfDagon the Chopper (level 5, -4/47 HPs)
             Began as a Hill Orc Berserker on Dec 13, 2015.
             Was a Follower of Trog.
             Slain by a worker ant (6 damage)
             ... on level 4 of the Dungeon.
             The game lasted 00:02:10 (475 turns).

4thArraOfDagon the Chopper (Hill Orc Berserker)      Turns: 475, Time: 00:02:11

Health: -4/47      AC:  6    Str: 19 (21) XL:     5   Next: 31%
Magic:  5/5        EV: 10    Int:  7      God:    Trog [*.....]
Gold:   44         SH:  0    Dex: 10      Spells: 0 memorised, 4 levels left

rFire  . . .     SeeInvis .     a - +0 hand axe
rCold  . . .     Clarity  .     h - +0 scale mail
rNeg   . . .     SustAt   .     (no shield)
rPois  .         Gourm    .     (no helmet)
rElec  .         Spirit   .     (no cloak)
rCorr  .         Dismiss  .     (no gloves)
rMut   .         Stasis   .     (no boots)
MR     .....                    (no amulet)
Stlth  ..........               (no ring)
                                (no ring)

@: lethally poisoned (-4 -> -9), exhausted, slowed, very slow, not resistant to
hostile enchantments, extremely unstealthy
A: no striking features
a: Berserk, Burn Spellbooks, Renounce Religion


You were on level 4 of the Dungeon.
You worshipped Trog.
Trog was aware of your devotion.
You were hungry.

You visited 1 branch of the dungeon, and saw 4 of its levels.

You collected 44 gold pieces.

Inventory:

Hand Weapons
 a - a +0 hand axe (weapon)
Armour
 h - a +0 scale mail (worn)
Scrolls
 d - 3 scrolls of identify {unknown}
 e - a scroll of blinking {unknown}
 f - a scroll of teleportation {unknown}
 i - a scroll of fog {unknown}
Potions
 j - a potion of ambrosia {unknown}
Comestibles
 b - 3 chunks of flesh
 c - 3 bread rations


   Skills:
 + Level 4.9 Fighting
 * Level 6.4 Axes
 + Level 2.6 Armour
 - Level 1.5 Dodging
 + Level 0.3 Stealth


You had 4 spell levels left.
You didn't know any spells.

Dungeon Overview and Level Annotations

Branches:
Dungeon (4/15)
 Temple: D:4-7

Altars:


Message History

Okay, then.
Unknown command.
Drink which item? (? for menu, Esc to quit)
It was a potion of curing.
You feel better. The worker ant bites you.
* * * LOW HITPOINT WARNING * * *
The worker ant bites you but does no damage.
Unknown command.
You barely miss the worker ant.
The worker ant is almost dead.
The worker ant bites you.
* * * LOW HITPOINT WARNING * * *
The worker ant misses you.
Unknown command.
You closely miss the worker ant.
The worker ant is almost dead.
The worker ant bites you.
* * * LOW HITPOINT WARNING * * *
You are lethally poisoned!
The worker ant poisons you! The worker ant bites you.
You die...

#...# ###..# .....#
###.## .....# #. #+###
###..####.## §(≈≈
#........# ..#
####.####..######a###.#
...........#...†@.....#
####.#####.#.##########
###...####.#.#
.............#
###...####.### ##.##
#.# #.# #.# #.. #.# ###
#.#


You could see a worker ant.

Vanquished Creatures
  Blork the orc (D:4)
  An orc wizard (D:4)
  A worker ant (D:4)
  2 adders
  An adder skeleton (D:4)
  2 orcs (D:4)
  2 bats
  A jackal (D:4)
  A quokka (D:3)
  2 giant newts
  2 goblins (D:1)
  2 rats
18 creatures vanquished.

Notes
Turn   | Place    | Note
--------------------------------------------------------------
     0 | D:1      | 4thArraOfDagon the Hill Orc Berserker began the quest for the Orb.
     0 | D:1      | Reached XP level 1. HP: 19/19 MP: 1/1
   201 | D:3      | Reached XP level 2. HP: 24/27 MP: 2/2
   285 | D:4      | Reached skill level 5 in Axes
   285 | D:4      | Reached XP level 3. HP: 33/33 MP: 3/3
   310 | D:4      | Noticed Blork the orc
   338 | D:4      | Killed Blork the orc
   338 | D:4      | Reached skill level 6 in Axes
   338 | D:4      | Reached XP level 4. HP: 25/41 MP: 4/4
   411 | D:4      | Reached XP level 5. HP: 43/47 MP: 5/5
   472 | D:4      | HP: 2/47 [poisoned by a worker ant]
   475 | D:4      | Slain by a worker ant

Vault maps used:
D:1:      dpeg_arrival_chambers_temple_mockup
D:2:      kennysheep_goblin_castle, old_standard_altar,
          nicolae_overflow_quartered_altars, first_bread,
          lightli_corner_chamber, uniq_iyjb
D:3:      lemuel_round_altar, minmay_ruptured
D:4:      kennysheep_mini_moat, lightli_temple_of_fire, uniq_blork_the_orc,
          uniq_edmund, uniq_grinder

Action                   |  1- 3 |  4- 6 || total
-------------------------+-------+-------++-------
Melee: Hand axe          |    46 |    41 ||    87
Invok: Berserk           |     3 |     2 ||     5
  Use: Potion            |       |     2 ||     2
  Eat: Chunk             |       |     3 ||     3
